 Dungeon Sprint DCSS version 0.30-a0-778-g2ef04afb54 (webtiles) character file.

Game seed: 6024554841392680631

581 rocky1 the Fighter (level 7, -6/69 HPs)
             Began as a Gnoll Wanderer on Feb 16, 2023.
             Was the Champion of Cheibriados.
             Mangled by a guardian serpent (14 damage)
             ... in the Dungeon (Sprint VII: "The Pits").
             The game lasted 00:03:00 (387 turns).

rocky1 the Fighter (Gnoll Wanderer)                  Turns: 387, Time: 00:03:01

Health: -6/69      AC:  5    Str: 29    XL:     7   Next: 36%
Magic:  16/16      EV: 16    Int: 27    God:    Cheibriados [******]
Gold:   0          SH:  0    Dex: 25    Spells: 17/18 levels left

rFire   . . .      SeeInvis .    n - +1 trident (heavy)
rCold   . . .      Faith    .    (no shield)
rNeg    + . .      Spirit   .    o - +2 leather armour {rN+}
rPois   .          Reflect  .    (no helmet)
rElec   .          Harm     .    (no cloak)
rCorr   .          Rampage  .    (no gloves)
Will    .....      NoTele   +    (no boots)
Stlth   +++                      (no amulet)
HPRegen 0.31/turn                (no ring)
MPRegen 0.15/turn                (no ring)

@: very slow
A: fangs 1, strong nose, distributed training
a: Renounce Religion, Bend Time, Temporal Distortion, Slouch, Step From Time


You were in the Dungeon.
You worshipped Cheibriados.
Cheibriados was exalted by your worship.
You visited 1 branch

Inventory:

Hand Weapons
 a - a +3 spear
 l - a +2 trident
 n - a +1 heavy trident (weapon)
Armour
 c - a +0 robe
 m - a +3 scale mail
 o - a +2 leather armour of positive energy (worn)
Scrolls
 h - a scroll of blinking
 j - 5 scrolls of amnesia
 k - a scroll of summoning
Potions
 b - 6 potions of curing
 d - 6 potions of heal wounds
 e - a potion of haste
 f - 4 potions of magic
 g - 3 potions of berserk rage
 i - 2 potions of invisibility


   Skills:
 + Level 11.8 Fighting
 + Level 5.6 Short Blades
 + Level 5.6 Long Blades
 + Level 5.6 Axes
 + Level 5.6 Maces & Flails
 + Level 8.7 Polearms
 + Level 5.6 Staves
 + Level 5.6 Ranged Weapons
 + Level 5.6 Throwing
 + Level 5.6 Armour
 + Level 5.6 Dodging
 + Level 5.6 Stealth
 + Level 5.6 Shields
 + Level 5.6 Unarmed Combat
 + Level 6.3 Spellcasting
 + Level 4.6 Conjurations
 + Level 4.6 Hexes
 + Level 5.2 Summonings
 + Level 4.6 Necromancy
 + Level 4.6 Translocations
 + Level 4.6 Transmutations
 + Level 4.6 Fire Magic
 + Level 4.6 Ice Magic
 + Level 4.6 Air Magic
 + Level 4.6 Earth Magic
 + Level 4.6 Poison Magic
 + Level 6.2 Invocations
 + Level 5.6 Evocations


You had 17 spell levels left.
You knew the following spells:

 Your Spells              Type           Power      Damage    Failure   Level
a - Summon Small Mammal   Summ           100%       N/A       1%          1

Your spell library contained the following spells:

 Spells                   Type           Power      Damage    Failure   Level
 Summon Guardian Golem    Hex/Summ       35%        N/A       2%          3


Dungeon Overview and Level Annotations

Branches:
Dungeon (1/1)

Altars:
Ashenzari
Cheibriados
Dithmenos
Elyvilon
Fedhas
Gozag
Hepliaklqana
Kikubaaqudgha
Makhleb
Nemelex Xobeh
Okawaru
Qazlal
Ru
Sif Muna
Trog
Uskayaw
Vehumet
Wu Jian
Xom
Yredelemnul
Zin
The Shining One
Jiyva
Lugonu


Innate Abilities, Weirdness & Mutations

You have very sharp teeth.
Your uncanny sense of smell can sniff out nearby items.
Your experience applies equally to all skills.


Message History

You start putting on your armour.
You continue putting on your +2 leather armour of positive energy. x5
You finish putting on your +2 leather armour of positive energy.
You feel more protected from negative energy.
Things that are here:
a +0 spear; a gnoll corpse You open the door.
An orc priest comes into view.
It is wielding a +1 hand axe of flaming.
There is an open door here.
The helpless orc priest fails to defend itself.
You impale the orc priest!!
You kill the orc priest!
Cheibriados appreciates the change of pace.
Things that are here:
a +1 hand axe of flaming; a +0 chain mail You open the door.
A guardian serpent comes into view.
You reach to attack!
The helpless guardian serpent fails to defend itself.
You puncture the guardian serpent!
The guardian serpent is moderately wounded.
The guardian serpent hits you!!
You hit the guardian serpent but do no damage.
You bite the guardian serpent, but do no damage.
The guardian serpent is moderately wounded.
The guardian serpent hits you!
You closely miss the guardian serpent.
The guardian serpent is moderately wounded.
The guardian serpent hits you.
The guardian serpent closely misses you.
You hit the guardian serpent but do no damage.
The guardian serpent is moderately wounded.
The guardian serpent hits you!
* * * LOW HITPOINT WARNING * * *
The guardian serpent hits you.
* * * LOW HITPOINT WARNING * * *
You miss the guardian serpent.
The guardian serpent is moderately wounded.
The guardian serpent hits you!
You die...

#.#........##.......#
#)###########.......#
#)......# #########
#))###..# #).)....#
∆∆∆∆ ##.###.##+# ∆
#.......#.+ ∆
#..###..#S# ∆
#.......'@# ∆
###########


You could see a guardian serpent.

Vanquished Creatures
  A water moccasin (D)
  2 floating eyes (D)
  2 scorpions (D)
  A gnoll bouda (D)
  An orc priest (D)
  2 orc wizards (D)
  4 gnolls (D)
  3 orcs (D)
  A bat zombie (D)
  A giant cockroach (D)
  A goblin (D)
  3 jackals (D)
  A bat (D)
  A frilled lizard (D)
  A kobold (D)
25 creatures vanquished.

Notes
Turn   | Place    | Note
-------+----------+-------------------------------------------
     0 | D        | Reached skill level 10 in Fighting
     0 | D        | rocky1 the Gnoll Wanderer began the quest for the Orb.
     0 | D        | rocky1 set off with the following items: a +3 spear, 2
                  | potions of curing, a +0 robe, a potion of heal wounds, a
                  | potion of haste, 2 potions of magic, a potion of berserk
                  | rage, a scroll of blinking; and the following spell
                  | memorised: Summon Small Mammal; and the following spells
                  | available to memorise: Summon Guardian Golem.
     0 | D        | Reached XP level 1. HP: 29/29 MP: 4/4
    11 | D        | Noticed a floating eye
    16 | D        | Killed a floating eye
    17 | D        | Reached XP level 2. HP: 36/36 MP: 5/7
    17 | D        | Reached XP level 3. HP: 42/42 MP: 5/8
    17 | D        | Reached XP level 4. HP: 49/49 MP: 6/10
    48 | D        | Found a bloodstained altar of Trog.
    48 | D        | Found a shimmering blue altar of Sif Muna.
    48 | D        | Found a viscous altar of Jiyva.
    48 | D        | Found a hazy altar of Hepliaklqana.
    48 | D        | Found an opulent altar of Gozag.
    49 | D        | Found a glowing golden altar of the Shining One.
    49 | D        | Found a glowing silver altar of Zin.
    49 | D        | Found a basalt altar of Yredelemnul.
    49 | D        | Found a shimmering altar of Xom.
    49 | D        | Found an ornate altar of the Wu Jian Council.
    49 | D        | Found a sacrificial altar of Ru.
    49 | D        | Found a stormy altar of Qazlal.
    49 | D        | Found an iron altar of Okawaru.
    49 | D        | Found a sparkling altar of Nemelex Xobeh.
    49 | D        | Found a burning altar of Makhleb.
    49 | D        | Found a blossoming altar of Fedhas.
    49 | D        | Found a white marble altar of Elyvilon.
    49 | D        | Found a shadowy altar of Dithmenos.
    49 | D        | Found a snail-covered altar of Cheibriados.
    52 | D        | Found a corrupted altar of Lugonu.
    52 | D        | Found a radiant altar of Vehumet.
    53 | D        | Found an ancient bone altar of Kikubaaqudgha.
    53 | D        | Found a hide-covered altar of Uskayaw.
    53 | D        | Found a broken altar of Ashenzari.
    60 | D        | Became a worshipper of Cheibriados the Contemplative
    83 | D        | Reached * piety under Cheibriados
    84 | D        | Noticed a scorpion
    87 | D        | Killed a scorpion
    87 | D        | Reached ** piety under Cheibriados
    88 | D        | Reached skill level 11 in Fighting
    88 | D        | Reached XP level 5. HP: 55/55 MP: 12/12
   107 | D        | Reached *** piety under Cheibriados
   108 | D        | Reached skill level 5 in Spellcasting
   317 | D        | Noticed a floating eye
   319 | D        | Noticed a water moccasin
   319 | D        | Paralysed by a floating eye for 4 turns
   325 | D        | Reached **** piety under Cheibriados
   326 | D        | Killed a floating eye
   327 | D        | Reached skill level 5 in Invocations
   327 | D        | Reached XP level 6. HP: 56/62 MP: 12/14
   333 | D        | Reached ***** piety under Cheibriados
   345 | D        | Killed a water moccasin
   345 | D        | Reached ****** piety under Cheibriados
   346 | D        | Reached skill level 5 in Short Blades
   346 | D        | Reached skill level 5 in Long Blades
   346 | D        | Reached skill level 5 in Axes
   346 | D        | Reached skill level 5 in Maces & Flails
   346 | D        | Reached skill level 5 in Staves
   346 | D        | Reached skill level 5 in Ranged Weapons
   346 | D        | Reached skill level 5 in Throwing
   346 | D        | Reached skill level 5 in Armour
   346 | D        | Reached skill level 5 in Dodging
   346 | D        | Reached skill level 5 in Stealth
   346 | D        | Reached skill level 5 in Shields
   346 | D        | Reached skill level 5 in Unarmed Combat
   346 | D        | Reached skill level 5 in Summonings
   346 | D        | Reached skill level 5 in Evocations
   346 | D        | Reached XP level 7. HP: 66/69 MP: 9/16
   382 | D        | Noticed a guardian serpent
   387 | D        | Mangled by a guardian serpent

Illustrated notes

Levels and vault maps discovered:
D:        pitsprint [storerooms_1, entrance_room_1, metal_vault_2, armoury_2,
          mini_pit_1, grid_room_1, main_hall_1, silver_pit, the_coven_1,
          the_vestibule_1, steel_vault_3, golden_pit, hallway_of_sentries,
          crystal_vault_1, iron_vault_4, final_vault]

Skill      XL: |  1  2  3  4  5  6 |
---------------+-------------------+-----
Fighting       | 11 | 11.8
Short Blades   | 3 4 5 |  5.6
Long Blades    | 3 4 5 |  5.6
Axes           | 3 4 5 |  5.6
Maces & Flails | 3 4 5 |  5.6
Polearms       | 7 8 |  8.7
Staves         | 3 4 5 |  5.6
Ranged Weapons | 3 4 5 |  5.6
Throwing       | 3 4 5 |  5.6
Armour         | 3 4 5 |  5.6
Dodging        | 3 4 5 |  5.6
Stealth        | 3 4 5 |  5.6
Shields        | 3 4 5 |  5.6
Unarmed Combat | 3 4 5 |  5.6
Spellcasting   | 4 5 6 |  6.3
Conjurations   | 2 3 4 |  4.6
Hexes          | 2 3 4 |  4.6
Summonings     | 3 4 5 |  5.2
Necromancy     | 2 3 4 |  4.6
Translocations | 2 3 4 |  4.6
Transmutations | 2 3 4 |  4.6
Fire Magic     | 2 3 4 |  4.6
Ice Magic      | 2 3 4 |  4.6
Air Magic      | 2 3 4 |  4.6
Earth Magic    | 2 3 4 |  4.6
Poison Magic   | 2 3 4 |  4.6
Invocations    | 3 4 5 6 |  6.2
Evocations     | 3 4 5 |  5.6

Action                     |  1- 3 |  4- 6 |  7- 9 || total
---------------------------+-------+-------+-------++-------
  Melee: Spear             |     5 |       |       ||     5
         Trident           |       |    42 |     7 ||    49
         Bite              |       |     2 |     1 ||     3
         Punch             |       |     1 |       ||     1
 Invoke: Slouch            |       |     1 |       ||     1
    Use: Potion            |       |     1 |       ||     1
   Stab: Sleeping          |       |     2 |     2 ||     4
 Armour: Scale mail        |       |    18 |       ||    18
         Robe              |       |     2 |       ||     2
  Dodge: Dodged            |       |    25 |     1 ||    26

Table legend: (Time is in decaauts)
 A = Elapsed time spent in this place.
 B = Non-inter-level travel time spent in this place.
 C = Inter-level travel time spent in this place.
 D = Time resting spent in this place.
 E = Time spent auto-exploring this place.
 F = Levels seen in this place.
 G = Mean time per level.
                   A        B        C        D        E       F      G
               +--------+--------+--------+--------+--------+-----+--------+
         Total |    450 |    418 |     32 |    140 |      0 |   1 |  450.0 |
       Dungeon |    450 |    418 |     32 |    140 |      0 |   1 |  450.0 |
               +--------+--------+--------+--------+--------+-----+--------+

Top non-repeatable levels by time:
       D: 450 daAuts
